 Dungeon Crawl Stone Soup version 0.19.1-1-g22dce08 (webtiles) character file.

4398 Alarkh the Grappler (level 10, -13/85 (86) HPs)
             Began as a Ghoul Monk on Jan 2, 2017.
             Was a High Priest of Okawaru.
             Mangled by esteth's ghost (18 damage)
             ... in an ice cave.
             The game lasted 00:11:28 (5648 turns).

Alarkh the Grappler (Ghoul Monk)                    Turns: 5648, Time: 00:11:29

HP:   -13/85 (86)   AC: 11    Str: 16    XL:     10   Next: 35%
MP:   2/9           EV: 17    Int:  8    God:    Okawaru [*****.]
Gold: 474           SH:  0    Dex: 13    Spells: 0 memorised, 9 levels left

rFire  . . .     SeeInvis .       - Unarmed
rCold  + + +     Gourm    .     c - +3 ring mail of Gravity {rC+ Dex+2}
rNeg   + + +     Faith    .     (no shield)
rPois  ∞         Spirit   .     (no helmet)
rElec  .         Reflect  .     A - +0 cloak
rCorr  .         Harm     .     (no gloves)
MR     .....                    P - +0 pair of boots {Fly}
Stlth  ++++......               (no amulet)
                                H - ring of protection from cold
                                d - ring of stealth

@: heroism, finesse, flying, rotting
A: rotting body, claws 1, carnivore 3, cold resistance 1, negative energy
resistance 3, slow regeneration 1, torment resistance, unbreathing
a: Heroism, Finesse, Renounce Religion, Stop Flying


You were in an ice cave.
You worshipped Okawaru.
Okawaru was extremely pleased with you.
You were not hungry.

You visited 3 branches of the dungeon, and saw 10 of its levels.
You also visited: Ice Cave.

You collected 474 gold pieces.

Inventory:

Armour
 a - a +0 robe
 c - the +3 ring mail of Gravity (worn) {rC+ Dex+2}
   (You found it on level 1 of the Lair of Beasts)

   It affects your dexterity (+2).
   It protects you from cold.
 A - a +0 cloak (worn)
 P - a +0 pair of boots of flying (worn)
Jewellery
 d - a ring of stealth (left claw)
 H - a ring of protection from cold (right claw)
Wands
 o - a wand of acid (3/15)
 D - a wand of iceblast (9/15)
 E - a wand of iceblast (5/15)
Scrolls
 e - a scroll of identify
 f - 8 scrolls of magic mapping
 i - 2 scrolls of fog
 j - 2 scrolls of blinking {unknown}
 k - 2 scrolls of noise
 m - 4 scrolls of teleportation
 w - 3 scrolls of remove curse
 y - a scroll of enchant armour {unknown}
 C - 2 scrolls of recharging {unknown}
 G - 2 scrolls of brand weapon {unknown}
 M - a scroll of amnesia {unknown}
 N - 2 scrolls of random uselessness {unknown}
Potions
 n - 5 potions of curing
 v - a potion of resistance
 I - a potion of heal wounds
 J - a potion of haste {unknown}
 L - a potion of might {unknown}
Miscellaneous
 s - a sack of spiders
Comestibles
 b - 6 meat rations
 z - 2 beef jerkies
 B - a slice of pizza
 Q - 2 chunks of flesh


   Skills:
 + Level 7.4(12.4) Fighting
 + Level 6.2(11.2) Dodging
 - Level 2.1(7.1) Stealth
 * Level 13.1(18.1) Unarmed Combat


You had 9 spell levels left.
You didn't know any spells.

Dungeon Overview and Level Annotations

Branches:
Dungeon (8/15)             Temple (1/1) D:4            Lair (1/6) D:8

Altars:
Ashenzari
Cheibriados
Dithmenos
Elyvilon
Fedhas
Gozag
Hepliaklqana
Kikubaaqudgha
Makhleb
Nemelex Xobeh
Okawaru
Qazlal
Ru
Sif Muna
Trog
Uskayaw
Vehumet
Xom
Yredelemnul
Zin
The Shining One

Shops:
D:8 }

Annotations:
D:4 exclusion: door IceCv esteth's ghost, journeyman MiFi


Innate Abilities, Weirdness & Mutations

Your body is rotting away.
You thrive on raw meat.
You are immune to poison.
You have sharp fingernails.
You are carnivorous and can eat meat at any time.
Your flesh is cold resistant. (rC+)
You are immune to negative energy. (rN+++)
You regenerate slowly when monsters are visible.
You are immune to unholy pain and torment.
You can survive without breathing.


Message History

Esteth's ghost is lightly damaged.
Esteth's ghost closely misses you.
You scratch esteth's ghost.
Esteth's ghost is lightly damaged.
You claw esteth's ghost!
Esteth's ghost is lightly damaged.
You feel your flesh rotting away.
You claw esteth's ghost!
Esteth's ghost is moderately damaged.
Esteth's ghost misses you.
You claw esteth's ghost!
Esteth's ghost is moderately damaged.
You claw esteth's ghost!
Esteth's ghost is moderately damaged.
You claw esteth's ghost!
Esteth's ghost is heavily damaged.
Esteth's ghost hits you!!!
* * * LOW HITPOINT WARNING * * *
Esteth's ghost burns you!!
You die...

##..
##...
#...#
...##
#...#
##...##
##.....##
#...@...#
#...W...#
##..∩..##
##...##
#####


You could see esteth's ghost.

Vanquished Creatures
  The ghost of Paps the Cudgeler, a novice GrFi of Okawaru (D:7)
  A hornet (D:8)
  Prince Ribbit (D:4)
  A spriggan (D:7)
  Menkaure (D:6)
  2 water moccasins (Lair:1)
  2 porcupines (Lair:1)
  2 orc warriors
  2 sky beasts
  An eye of draining (D:8)
  4 ice beasts
  A phantom (D:7)
  2 ogres
  2 centaurs
  Blork the orc (D:6)
  2 bullfrogs
  A big kobold (D:7)
  A gnoll sergeant (D:7)
  2 scorpions (D:6)
  2 howler monkeys
  6 crimson imps
  A quasit (D:6)
  4 orc wizards (D:8)
  3 orc priests
  4 hounds
  2 jellies
  Jessica (D:3)
  3 iguanas
  A worker ant (D:8)
  A hound skeleton (D:6)
  A howler monkey skeleton (D:5)
  A worker ant zombie (D:7)
  5 gnolls (D:7)
  12 adders
  2 shadow imps
  12 white imps (Lair:1)
  An adder skeleton (D:4)
  2 worms
  3 dart slugs
  4 leopard geckos
  33 orcs
  2 bats
  4 goblins
  7 hobgoblins
  5 jackals
  6 kobolds
  3 quokkas
  A ball python (D:3)
  A ball python skeleton (D:6)
  5 frilled lizards
  A quokka zombie (D:5)
  9 rats
178 creatures vanquished.

Vanquished Creatures (others)
  An ufetubus (IceCv)
  4 toadstools (D:1)
5 creatures vanquished.

Grand Total: 183 creatures vanquished

Notes
Turn   | Place    | Note
-------+----------+-------------------------------------------
     0 | D:1      | Alarkh the Ghoul Monk began the quest for the Orb.
     0 | D:1      | Reached XP level 1. HP: 19/19 MP: 0/0
   165 | D:1      | Reached XP level 2. HP: 21/26 MP: 1/1
   203 | D:1      | Reached skill level 4 in Unarmed Combat
   754 | D:2      | Found an iron altar of Okawaru.
   755 | D:2      | Found a glowing golden altar of the Shining One.
   759 | D:2      | Became a worshipper of Warmaster Okawaru
   759 | D:2      | Reached * piety under Okawaru
   759 | D:2      | Reached ** piety under Okawaru
  1054 | D:2      | Reached XP level 3. HP: 27/31 MP: 2/2
  1294 | D:3      | Reached skill level 5 in Unarmed Combat
  1294 | D:3      | Reached XP level 4. HP: 21/38 MP: 3/3
  1565 | D:3      | Noticed Jessica
  1565 | D:3      | Noticed an ogre
  1576 | D:3      | Killed an ogre
  1576 | D:3      | Reached skill level 6 in Unarmed Combat
  1576 | D:3      | Reached XP level 5. HP: 21/45 MP: 1/4
  1577 | D:3      | Killed Jessica
  1577 | D:3      | Reached skill level 7 in Unarmed Combat
  1584 | D:3      | Identified Jessica's Compendium of Augmentations
  1611 | D:3      | Reached XP level 6. HP: 35/51 MP: 5/5
  1856 | D:4      | Identified the Incunabulum of Attacks and Earth
  1996 | D:4      | Found a staircase to the Ecumenical Temple.
  2002 | Temple   | Entered the Ecumenical Temple
  2233 | D:4      | Found a deep blue altar of Sif Muna.
  2301 | D:4      | Found a sparkling altar of Nemelex Xobeh.
  2321 | D:4      | Reached skill level 8 in Unarmed Combat
  2418 | D:5      | Entered Level 5 of the Dungeon
  2494 | D:5      | Reached XP level 7. HP: 33/57 MP: 6/6
  2652 | D:5      | Noticed Prince Ribbit
  2816 | D:4      | Killed Prince Ribbit
  2816 | D:4      | Reached skill level 9 in Unarmed Combat
  3250 | D:5      | Found an ancient bone altar of Kikubaaqudgha.
  3279 | D:5      | Reached XP level 8. HP: 56/66 MP: 7/7
  3300 | D:5      | Reached *** piety under Okawaru
  3386 | D:5      | Reached skill level 10 in Unarmed Combat
  3642 | D:6      | Noticed Menkaure
  3650 | D:6      | Killed Menkaure
  3764 | D:6      | Reached **** piety under Okawaru
  3764 | D:6      | Reached skill level 5 in Fighting
  3788 | D:6      | Noticed Blork the orc
  3795 | D:6      | Killed Blork the orc
  3872 | D:6      | Reached skill level 11 in Unarmed Combat
  3872 | D:6      | Reached XP level 9. HP: 70/74 MP: 8/8
  4212 | D:7      | Noticed Paps's ghost (novice GrFi)
  4249 | D:7      | Killed Paps's ghost
  4249 | D:7      | Reached ***** piety under Okawaru
  4249 | D:7      | Reached skill level 5 in Dodging
  4353 | D:7      | Received a gift from Okawaru
  4353 | D:7      | Reached skill level 12 in Unarmed Combat
  4388 | D:7      | Found a stormy altar of Qazlal.
  4466 | D:7      | Got a transparent rapier
  4467 | D:7      | Identified the +6 rapier of Linearity {pain, *Corrode Str+5} (You found it on level 7 of the Dungeon)
  4810 | D:8      | Reached XP level 10. HP: 51/84 MP: 2/9
  4813 | D:8      | Received a gift from Okawaru
  5049 | D:8      | Found a shimmering altar of Xom.
  5081 | D:8      | Found Pinanum's Gadget Shop.
  5155 | D:8      | Found a staircase to the Lair.
  5366 | Lair:1   | Entered Level 1 of the Lair of Beasts
  5501 | Lair:1   | Reached skill level 13 in Unarmed Combat
  5510 | Lair:1   | Got a polished ring mail
  5527 | Lair:1   | Identified the +3 ring mail of Gravity {rC+ Dex+2} (You found it on level 1 of the Lair of Beasts)
  5530 | Lair:1   | Found a frozen archway.
  5636 | IceCv    | Entered an ice cave
  5636 | IceCv    | Noticed esteth's ghost (journeyman MiFi)
  5648 | IceCv    | Mangled by esteth's ghost

Skill      XL: |  1  2  3  4  5  6  7  8  9 10 |
---------------+-------------------------------+-----
Unarmed Combat | 4 5 6 7 8 9 11 12 13 | 13.1
Dodging        | 3 4 5 6 |  6.2
Fighting       | 5 6 7 |  7.4
Stealth        | |  2.1

Action                   |  1- 3 |  4- 6 |  7- 9 | 10-12 || total
-------------------------+-------+-------+-------+-------++-------
Melee: Unarmed           |    67 |   125 |   259 |   155 ||   606
       Punch             |     1 |     2 |     6 |     5 ||    14
Invok: Heroism           |       |     2 |     4 |     2 ||     8
       Finesse           |       |       |       |     1 ||     1
Evoke: Wand              |       |       |     4 |       ||     4
  Use: Scroll            |     4 |       |     1 |     6 ||    11
       Potion            |       |     2 |     1 |       ||     3
 Stab: Sleeping          |     9 |     7 |    12 |     3 ||    31
       Distracted        |     1 |       |       |       ||     1
  Eat: Chunk             |     8 |    13 |    19 |    17 ||    57
Armor: Robe              |     5 |    11 |    34 |    12 ||    62
       Ring mail         |       |       |       |    19 ||    19
Dodge: Dodged            |    30 |    61 |   144 |   103 ||   338
